 Dungeon Crawl Stone Soup version 0.29-a0-341-g24ffce5b50 (webtiles) character file.

Game seed: 5302464103844869861

669 jimonade the Magician (level 7, -4/50 HPs)
             Began as a Djinni Fire Elementalist on Apr 21, 2022.
             Killed from afar by Dowan (30 damage)
             ... with a shard of ice
             ... on level 5 of the Dungeon.
             The game lasted 00:09:42 (5632 turns).

jimonade the Magician (Djinni Fire Elementalist)    Turns: 5632, Time: 00:09:42

Health: -4/50      AC:  3    Str:  9    XL:     7   Next: 89%
Gold:   222        EV: 12    Int: 16    God:
                   SH:  4    Dex: 14

rFire   + + +      SeeInvis .   a - staff of fire
rCold   x . .      Faith    .   x - +1 buckler {rF+}
rNeg    . . .      Spirit   .   y - +0 robe
rPois   ∞          Reflect  .   i - +0 helmet
rElec   .          Harm     .   (no cloak)
rCorr   .          Rampage  .   (no gloves)
Will    .....                   (boots unavailable)
Stlth   ++........              (no amulet)
HPRegen 0.16/turn               (no ring)
MPRegen 0.00/turn               (no ring)

@: flying
A: sickness immunity, fire resistance 2, cold vulnerability 1, float, innate
caster, HP casting, extra vitality 1
a: no special abilities


You were on level 5 of the Dungeon.
You visited 1 branch of the dungeon, and saw 5 of its levels.

You collected 222 gold pieces.

Inventory:

Hand Weapons
 f - a +0 dagger
 q - a +0 hunting sling
 D - a +1 dire flail of holy wrath
Missiles
 g - 15 poisoned darts
 h - 162 stones
Armour
 i - a +0 helmet (worn)
 o - a +0 chain mail
 x - a +1 buckler of fire resistance (worn)
 y - a +0 robe (worn)
 B - a +0 scale mail
 C - a +0 leather armour
Magical Staves
 a - a staff of fire (weapon)
 j - a staff of poison
 H - a staff of air
Jewellery
 r - a +6 ring of strength
 I - a +4 ring of protection
Wands
 E - a wand of mindburst (6)
Scrolls
 b - a scroll of silence {unknown}
 k - 3 scrolls of identify {unknown}
 l - 3 scrolls of enchant armour {unknown}
 m - a scroll of teleportation {unknown}
 p - a scroll of blinking {unknown}
 t - a scroll of immolation {unknown}
 u - a scroll of noise {unknown}
 w - 2 scrolls of fear {unknown}
 z - a scroll of amnesia {unknown}
 F - a scroll of magic mapping {unknown}
 G - a scroll of brand weapon {unknown}
Potions
 c - 7 potions of curing {unknown}
 d - a potion of berserk rage {unknown}
 e - a potion of brilliance
 n - a potion of lignification {unknown}
 s - 2 potions of might {unknown}
 v - a potion of heal wounds {unknown}
 A - a potion of magic {unknown}
 J - a potion of experience {unknown}


   Skills:
 * Level 3.3 Fighting
 - Level 0.1 Short Blades
 - Level 2.1 Dodging
 - Level 1.5 Stealth
 + Level 6.0 Spellcasting


You couldn't memorise any spells.
You knew the following spells:

 Your Spells              Type           Power      Damage    Failure   Level
a - Foxfire               Conj/Fire      100%       2x1d9     1%          1
b - Scorch                Fire           72%        2d9       2%          2
c - Conjure Flame         Conj/Fire      36%        6-21      4%          3
d - Inner Flame           Hex/Fire       36%        N/A       4%          3
e - Flame Wave            Conj/Fire      36%        2d9       16%         4
f - Pain                  Necr           96%        1d8       1%          1
g - Corpse Rot            Necr/Air       48%        N/A       2%          2
h - Searing Ray           Conj           48%        2d6       2%          2
Your spell library was empty.

Dungeon Overview and Level Annotations

Branches:
Dungeon (5/15)
 Temple: D:4-7

Altars:

Shops:
D:4 =

Annotations:
D:5 Dowan


Innate Abilities, Weirdness & Mutations

You are immune to sickness and miasma.
You are immune to poison.
Your flesh is very heat resistant. (rF++)
You are vulnerable to cold. (rC-)
You float through the air rather than walking.
You learn spells naturally, not from books.
Your magical power is your life essence.
You have superior vitality. (+4 MHP)


Message History

The ufetubus is burned terribly!
You kill the ufetubus!
Duvessa, Sister of Dowan comes into view.
She is wielding a +0 short sword.
Casting: Scorch (safe; 2% risk of failure)
Confirm with . or Enter, or press ? or * to list all spells.
You can't see any susceptible monsters within range! (Use Z to cast anyway.)
Casting: Scorch (safe; 2% risk of failure)
Confirm with . or Enter, or press ? or * to list all spells.
You feel a surge of power!
Flames lash Duvessa.
Duvessa is moderately wounded.
Duvessa's fire resistance burns away.
Dowan shouts!
Dowan drinks a potion.
Dowan's spells are empowered!
Casting: Scorch (safe; 2% risk of failure)
Confirm with . or Enter, or press ? or * to list all spells.
You feel a surge of power!
Flames lash Dowan.
Dowan is moderately wounded.
Dowan's fire resistance burns away.
Casting: Scorch (safe; 2% risk of failure)
Confirm with . or Enter, or press ? or * to list all spells.
You feel a surge of power!
Flames lash Duvessa.
Duvessa is burned terribly!
Duvessa is severely wounded.
Casting: Scorch (safe; 2% risk of failure)
Confirm with . or Enter, or press ? or * to list all spells.
You feel a surge of power!
Flames lash Dowan.
Dowan is burned terribly!
Dowan is severely wounded.
Dowan mumbles some strange words.
Dowan blinks!
Duvessa hits you with a +0 short sword!
Casting: Scorch (safe; 2% risk of failure)
Confirm with . or Enter, or press ? or * to list all spells.
You feel a surge of power!
Flames lash Duvessa.
Duvessa is burned terribly!
You kill Duvessa!
Dowan's eyes darken. "You have made a black mistake."
Dowan seems to find hidden reserves of power!
Dowan casts a spell at you. You block the shard of ice.
Dowan gestures at you while chanting. The shard of ice hits you!!
You feel a painful chill!
Ouch! That really hurt!
You die...

......^......#
.............#
.....^^^.....#
...^........#
.......e..#
......^..#
.#..r..§###.#
.....##†....#
......)@#####
#.##.#### . ..
##


You could see Dowan (fast, empowered, combustible).

Vanquished Creatures
  Edmund (D:4)
  Duvessa (D:5)
  A water moccasin (D:4)
  A black bear (D:3)
  A phantom (D:4)
  A hound (D:4)
  Terence (D:3)
  6 gnolls (D:4)
  8 adders
  An ufetubus (D:5)
  A worm (D:2)
  3 dart slugs
  An orc (D:2)
  8 bats
  3 endoplasms
  A giant cockroach (D:1)
  5 goblins
  5 hobgoblins
  8 jackals
  4 quokkas
  10 ball pythons
  5 frilled lizards
  6 kobolds
  7 rats
89 creatures vanquished.

Vanquished Creatures (others)
  168 foxfires
  17 plants
185 creatures vanquished.

Grand Total: 274 creatures vanquished

Notes
Turn   | Place    | Note
-------+----------+-------------------------------------------
     0 | D:1      | jimonade the Djinni Fire Elementalist began the quest for
                  | the Orb.
     0 | D:1      | Reached XP level 1. HP: 15/15 MP: 0/0
   474 | D:1      | Reached XP level 2. HP: 21/22 MP: 0/0
  1095 | D:1      | Reached skill level 3 in Spellcasting
  1100 | D:1      | Reached XP level 3. HP: 8/26 MP: 0/0
  1100 | D:1      | Learned a level 1 spell: Pain
  1383 | D:1      | Reached skill level 1 in Fighting
  1773 | D:2      | Reached XP level 4. HP: 11/32 MP: 0/0
  2794 | D:2      | Reached XP level 5. HP: 35/38 MP: 0/0
  2794 | D:2      | Learned a level 2 spell: Corpse Rot
  3408 | D:3      | Noticed a black bear
  3414 | D:3      | Killed a black bear
  3415 | D:3      | Reached skill level 4 in Spellcasting
  3415 | D:3      | Reached XP level 6. HP: 34/43 MP: 0/0
  4043 | D:3      | Noticed Terence
  4050 | D:3      | Killed Terence
  4338 | D:4      | Noticed Edmund
  4343 | D:4      | Killed Edmund
  4344 | D:4      | Reached skill level 5 in Spellcasting
  4344 | D:4      | Reached XP level 7. HP: 19/49 MP: 0/0
  4344 | D:4      | Learned a level 2 spell: Searing Ray
  5471 | D:4      | Found Isutyo's Jewellery Boutique.
  5543 | D:5      | Entered Level 5 of the Dungeon
  5544 | D:5      | Noticed a water moccasin
  5547 | D:5      | Noticed Dowan
  5555 | D:4      | Killed a water moccasin
  5556 | D:4      | Reached skill level 6 in Spellcasting
  5623 | D:5      | Noticed Duvessa
  5632 | D:5      | Killed Duvessa
  5632 | D:5      | Killed from afar by Dowan

Illustrated notes

Levels and vault maps discovered:
D:1:      heliophobic_arrival_glass_houses, layout_basic
D:2:      layout_basic, serial_bayou_lake_a
D:3:      layout_basic, uniq_terence
D:4:      layout_loops_cross, serial_shops, nicolae_shop_stone,
          mrwooster_statue_mirror, grunt_ministairs_1, chequers_big_river,
          uniq_edmund
D:5:      layout_basic, minmay_temple_entry_glass, gammafunk_ghost_grave,
          minmay_holes, minmay_circle_x, uniq_duvessa

Skill      XL: |  1  2  3  4  5  6  7 |
---------------+----------------------+-----
Spellcasting   | 3 4 5 6 |  6.0
Fighting       | 1 2 3 |  3.3
Short Blades   | |  0.1
Dodging        | |  2.1
Stealth        | |  1.5

Action                   |  1- 3 |  4- 6 |  7- 9 || total
-------------------------+-------+-------+-------++-------
Melee: Dagger            |       |    15 |       ||    15
 Cast: Foxfire           |    52 |    31 |    19 ||   102
       Scorch            |     9 |    34 |    26 ||    69
Armor: Robe              |     6 |    12 |     1 ||    19
Dodge: Dodged            |    33 |    25 |    12 ||    70
Block: Buckler           |       |     2 |     3 ||     5

Table legend: (Time is in decaauts)
 A = Elapsed time spent in this place.
 B = Non-inter-level travel time spent in this place.
 C = Inter-level travel time spent in this place.
 D = Time resting spent in this place.
 E = Time spent auto-exploring this place.
 F = Levels seen in this place.
 G = Mean time per level.
                   A        B        C        D        E       F      G
               +--------+--------+--------+--------+--------+-----+--------+
         Total |   5633 |   5436 |    197 |    941 |   3745 |   5 | 1126.6 |
       Dungeon |   5633 |   5436 |    197 |    941 |   3745 |   5 | 1126.6 |
               +--------+--------+--------+--------+--------+-----+--------+

Top non-repeatable levels by time:
     D:1: 1754 daAuts
     D:2: 1639 daAuts
     D:3: 1295 daAuts
     D:4: 921 daAuts
     D:5: 24 daAuts
